 Dungeon Crawl Stone Soup version 0.30.1-11-g7821555f0a (webtiles) character file.

Game seed: 16344481592765002783

24429 monsoonserge the Thaumaturge (level 13, -19/102 HPs)
             Began as a Djinni Venom Mage on Nov 14, 2023.
             Was a High Priest of Ashenzari.
             Demolished by a white ugly thing (51 damage)
             ... on level 12 of the Dungeon on Nov 15, 2023.
             The game lasted 01:00:03 (11868 turns).

monsoonserge the Thaumaturge (Djinni Venom Mage)   Turns: 11868, Time: 01:00:03

Health: -19/102    AC:  6    Str:  7    XL:     13   Next: 42%
Gold:   536        EV: 16    Int: 22    God:    Ashenzari [*****.] SH:  0 Dex: 14

rFire   + + .        c - melded +2 dagger "Ruined With Me" {elec, Fort, Range} (curse)
rCold   x . .        h - melded +2 buckler "Lashed With Me" {+Blink rF- Str+3, Evo, Self} (curse)
rNeg    . . .        R - +2 robe of the Prophetic Apathy {Archmagi, Self, Melee} (curse)
rPois   ∞            N - +0 helmet "Eternal With Me" {Melee, Cun} (curse)
rElec   .            g - +0 cloak "Bound Together" {Evo, Fort} (curse)
rCorr   .            (gloves currently unavailable)
SInv    +            (boots unavailable)
Will    +....        U - amulet of regeneration
Stlth   ++++         H - ring "Esoteric Augurer" {SInv, Range, Fort} (curse)
HPRegen 1.17/turn    I - ring "Eternal Loss" {MP+9, Melee, Fort} (curse)
MPRegen 0.00/turn

%: clarity, archmagi, infuse magic (-20 HP)
@: blade hands, flying
A: flying, sickness immunity, fire resistance 2, cold vulnerability 1, float,
innate caster, HP casting, extra vitality 1
a: End Transformation, Renounce Religion, Shatter the Chains


You were on level 12 of the Dungeon.
You worshipped Ashenzari.
Ashenzari was extremely pleased with you.
You had blades for hands.
You visited 2 branches of the dungeon, and saw 13 of its levels.
You also visited: Bailey.

You collected 566 gold pieces.
You spent 30 gold pieces at shops.

Inventory:

Hand Weapons
 b - a +0 sling
 c - the cursed +2 dagger "Ruined With Me" (melded) {elec, Fort, Range}
   (You took it off an orc wizard on level 8 of the Dungeon)

   It has a curse which improves the following skills: Fortitude: Armour and
   Shields.
   Ranged Combat: Ranged Weapons and Throwing.
 e - a +3 halberd of freezing
 t - the +6 dagger of Cajemeli {venom, Fly Str+5 Dex-5}
   (You found it on level 8 of the Dungeon)

   Str:       It affects your strength (+5).
   Dex:       It affects your dexterity (-5).
   Fly:       It grants you flight.
 u - a +2 whip of electrocution
 y - a +3 halberd of electrocution
 C - a +0 rapier of flaming
 D - a +3 halberd of draining
 M - a +3 great sword of freezing
 P - a +4 short sword
Missiles
 v - 7 poisoned darts (quivered)
 G - 3 silver javelins
Armour
 g - the cursed +0 cloak "Bound Together" (worn) {Evo, Fort}
   (You found it on level 1 of the Dungeon)

   It has a curse which improves the following skills: Evocations: Evocations.
   Fortitude: Armour and Shields.
 h - the cursed +2 buckler "Lashed With Me" (melded) {+Blink rF- Str+3, Evo, Self}
   (You acquired it on level 7 of the Dungeon)

   Str:       It affects your strength (+3).
   rF:        It makes you vulnerable to fire.
   +Blink:    It lets you blink.
   It has a curse which improves the following skills: Evocations: Evocations.
   Introspection: Fighting and Spellcasting.
 k - a +0 leather armour of cold resistance
 N - the cursed +0 helmet "Eternal With Me" (worn) {Melee, Cun}
   (You found it on level 9 of the Dungeon)

   It has a curse which improves the following skills: Melee Combat: Short
   Blades, Long Blades, Axes, Maces & Flails, Polearms, Staves and Unarmed
   Combat.
   Cunning:   Dodging and Stealth.
 R - the cursed +2 robe of the Prophetic Apathy (worn) {Archmagi, Self, Melee}
   (You took it off Josephine on level 9 of the Dungeon)

   It has a curse which improves the following skills: Introspection: Fighting
   and Spellcasting.
   Melee Combat: Short Blades, Long Blades, Axes, Maces & Flails, Polearms,
   Staves and Unarmed Combat.
Magical Staves
 f - a staff of earth
 J - a staff of death
Jewellery
 H - the cursed ring "Esoteric Augurer" (left blade hand) {SInv, Range, Fort}
   (You found it on level 6 of the Dungeon)

   [ring of see invisible]

   SInv:      It lets you see invisible.
   It has a curse which improves the following skills: Ranged Combat: Ranged
   Weapons and Throwing.
   Fortitude: Armour and Shields.
 I - the cursed ring "Eternal Loss" (right blade hand) {MP+9, Melee, Fort}
   (You found it on level 6 of the Dungeon)

   [ring of magical power]

   MP:        It affects your magic capacity (+9).
   It has a curse which improves the following skills: Melee Combat: Short
   Blades, Long Blades, Axes, Maces & Flails, Polearms, Staves and Unarmed
   Combat.
   Fortitude: Armour and Shields.
 U - an amulet of regeneration (around neck)
Wands
 w - a wand of quicksilver (14)
 O - a wand of flame (6)
Scrolls
 d - a scroll of vulnerability
 j - 3 scrolls of enchant armour
 m - 4 scrolls of blinking
 n - a scroll of enchant weapon
 p - 2 scrolls of fear
 r - a scroll of torment
 F - 3 scrolls of poison
 K - 2 scrolls of immolation
 L - 2 scrolls of teleportation
 Q - a scroll of fog
 T - a scroll of butterflies
Potions
 a - 6 potions of haste
 i - 3 potions of curing
 l - 4 potions of heal wounds
 o - 3 potions of cancellation
 q - 5 potions of mutation
 s - a potion of might
 x - 3 potions of attraction
 z - 5 potions of brilliance
 A - 3 potions of ambrosia
 B - 2 potions of invisibility
 E - 3 potions of resistance
 S - 2 potions of lignification


   Skills:
 * Level 10.4(12.5) Fighting
 - Level 5.5(9.6) Short Blades
 + Level 0.5(2.1) Maces & Flails
 - Level 0.4(1.9) Armour
 + Level 7.2(9.4) Dodging
 + Level 5.8(7.9) Stealth
 + Level 6.3(10.4) Shields
 * Level 2.4(5.6) Unarmed Combat
 + Level 12.0(14.1) Spellcasting
 * Level 3.0(4.9) Evocations


You knew the following spells:

 Your Spells              Type           Power      Damage    Failure   Level
a - Sting                 Tmut/Pois      100%       1d8       3%          1
b - Poisonous Vapours     Pois/Air       100%       N/A       4%          2
c - Mephitic Cloud        Conj/Pois/Air  86%        N/A       5%          3
d - Olgreb's Toxic Radia  Pois           86%        N/A       8%          4
e - Necrotise             Necr           100%       1d9       3%          1
f - Ensorcelled Hibernat  Hex/Ice        100%       N/A       4%          2
g - Tukima's Dance        Hex            86%        N/A       5%          3
h - Summon Guardian Gole  Hex/Summ       86%        N/A       5%          3
i - Manifold Assault      Tloc           86%        N/A       8%          4
j - Blade Hands           Tmut           43%        N/A       11%         5
Your spell library was empty.

Dungeon Overview and Level Annotations

Branches:
Dungeon (12/15)            Temple (1/1) D:7            Lair (0/5) D:11
    Orc (0/2) D:9          Bailey (visited)

Altars:
Ashenzari
Cheibriados
Dithmenos
Elyvilon
Fedhas
Gozag
Hepliaklqana
Makhleb
Nemelex Xobeh
Okawaru
Qazlal
Ru
Trog
Uskayaw
Wu Jian
Xom
Yredelemnul
Zin
The Shining One

Shops:
D:8 *

Annotations:
D:1 dig for wand and potion
D:3 3 runed translucent doors, YellowLineWalker's ghost, weakling VSFE
D:10 1 runed translucent door, exclusion: obsidian statue, KittyFluff's ghost, journeyman GrBe
D:12 Nergalle


Innate Abilities, Weirdness & Mutations

You have blades for hands.
You are flying.
Your spellcasting is less reliable in this form.
You are incapable of wielding weapons or throwing items.
You are immune to sickness and miasma.
You are immune to poison.
Your flesh is very heat resistant. (rF++)
You are vulnerable to cold. (rC-)
You float through the air rather than walking.
You learn spells naturally, not from books.
Your magical power is your life essence.
You have superior vitality. (+4 MHP)


Message History

You hit Nergalle but do no damage.
Nergalle is moderately wounded.
The white ugly thing pecks you! The white ugly thing freezes you!!
You feel a terrible chill!
The troll is engulfed in noxious fumes.
The troll bites Nergalle!
The troll claws Nergalle!
The troll completely misses Nergalle.
Nergalle hits you with a +0 dagger. Nergalle attacks as you move away!
Nergalle hits you with a +0 dagger.
The troll is engulfed in noxious fumes.
The troll appears confused.
You slice the white ugly thing!!
The white ugly thing is moderately wounded.
The white ugly thing pecks you but does no damage.
You barely miss the white ugly thing.
The white ugly thing is moderately wounded.
The white ugly thing barely misses you.
You hit the white ugly thing.
The white ugly thing is heavily wounded.
An unseen horror comes into view.
The white ugly thing pecks you! The white ugly thing freezes you!!
You feel a terrible chill!
You barely miss the white ugly thing.
The white ugly thing is heavily wounded.
The white ugly thing barely misses you.
You barely miss the white ugly thing.
The white ugly thing is heavily wounded.
The white ugly thing barely misses you.
You slice the white ugly thing!!
The white ugly thing is severely wounded.
Nergalle points at you and mumbles some strange words.
Orcish apparitions take form around you.
The white ugly thing barely misses you.
You completely miss the white ugly thing.
The white ugly thing is severely wounded.
Nergalle points at you and mumbles some strange words.
Orcish apparitions take form around you.
Something misses Nergalle.
Something claws Nergalle.
Something claws Nergalle but does no damage.
The white ugly thing pecks you! The white ugly thing freezes you!!!
You feel a terrible chill!
Ouch! That really hurt!
You die...

,,* #....#
* +....# *
#..#.# **
* #+#....#
, , #
...{..# ,
, ,*
#.#.o...#
, ,, *
#...Z...#
,,* #u##.#
*, **
,#.@..# ,*
* #...Z# ,
*, ,
,#..Z.#
**** ,*
,+.#..# ,
,,,
##....# *
* #.....#
,, ,,* *
,+...#.# ,
,,
,,,#.....#
* #.....#


You could see a white ugly thing, Nergalle, a spectral orc (summoned) and 2
spectral orc warriors.

Vanquished Creatures
  Josephine (D:9)
  A two-headed ogre (D:8)
  2 tengu warriors (D:10)
  A boulder beetle (D:11)
  A cyclops (D:11)
  2 manticores
  A gargoyle (D:11)
  An unseen horror (D:10)
  Maggie (D:9)
  A kobold demonologist (D:11)
  2 trolls
  A shadow (D:11)
  3 vampires
  2 wyverns
  3 wraiths
  9 yaks
  Grum (D:9)
  6 vampire mosquitoes
  A black bear (D:11)
  2 orc warriors
  A sky beast (D:7)
  An ice beast (D:6)
  2 wolves (D:9)
  3 centaurs
  A phantom (D:6)
  2 kobold brigands
  2 bullfrogs (D:11)
  4 scorpions
  9 wights
  9 killer bees
  6 howler monkeys
  4 orc priests
  2 hounds (D:5)
  A jelly (D:7)
  A gnoll bouda (D:9)
  An iguana (D:5)
  8 orc wizards
  10 adders
  19 gnolls
  3 white imps
  2 worms (D:3)
  4 dart slugs
  45 orcs
  6 ball pythons
  2 bats
  9 endoplasms
  3 giant cockroaches
  7 goblins
  4 hobgoblins
  5 jackals
  20 kobolds
  4 quokkas
  A frilled lizard (D:1)
  6 rats
249 creatures vanquished.

Vanquished Creatures (collateral kills)
  Sigmund (D:5)
  A centaur (D:11)
  8 wights
  A killer bee (D:9)
  An orc wizard (D:9)
  An orc (D:4)
  A ball python (D:2)
14 creatures vanquished.

Vanquished Creatures (others)
  A dancing weapon (Bailey)
1 creature vanquished.

Grand Total: 264 creatures vanquished

Notes
Turn   | Place    | Note
-------+----------+-------------------------------------------
     0 | D:1      | monsoonserge the Djinni Venom Mage began the quest for the
                  | Orb.
     0 | D:1      | monsoonserge set off with the following spells memorised:
                  | Sting, Poisonous Vapours, Mephitic Cloud, Olgreb's Toxic
                  | Radiance.
     0 | D:1      | Reached XP level 1. HP: 15/15 MP: 0/0
   151 | D:1      | Reached XP level 2. HP: 14/21 MP: 0/0
   327 | D:1      | Reached skill level 3 in Spellcasting
   377 | D:1      | Reached XP level 3. HP: 20/25 MP: 0/0
   377 | D:1      | Learned a level 1 spell: Necrotise
  1269 | D:2      | Found an iron altar of Okawaru.
  1330 | D:2      | Reached XP level 4. HP: 15/31 MP: 0/0
  1701 | D:3      | Reached skill level 1 in Shields
  1832 | D:3      | Found a runed translucent gate.
  1834 | D:3      | Found a runed translucent gate.
  1835 | D:3      | Found a runed translucent gate.
  1836 | D:3      | Noticed YellowLineWalker's ghost (weakling VSFE)
  2518 | D:3      | Reached XP level 5. HP: 31/35 MP: 0/0
  2518 | D:3      | Learned a level 2 spell: Ensorcelled Hibernation
  2608 | D:3      | Found a snail-covered altar of Cheibriados.
  2638 | D:4      | Reached skill level 4 in Spellcasting
  2744 | D:4      | Reached XP level 6. HP: 27/40 MP: 0/0
  3294 | D:5      | Entered Level 5 of the Dungeon
  3317 | D:5      | Reached skill level 5 in Spellcasting
  3317 | D:5      | Reached XP level 7. HP: 34/46 MP: 0/0
  3317 | D:5      | Learned a level 3 spell: Tukima's Dance
  3322 | D:5      | Noticed Sigmund
  3404 | D:5      | Killed Sigmund
  3726 | D:4      | Reached skill level 1 in Fighting
  3776 | D:5      | Reached XP level 8. HP: 29/52 MP: 0/0
  4067 | D:5      | You are sucked into a shaft and drop 2 floors!
  4078 | D:7      | Found a staircase to the Ecumenical Temple.
  4086 | Temple   | Entered the Ecumenical Temple
  4137 | Temple   | Became a worshipper of Ashenzari the Shackled
  4167 | D:7      | Found a flagged portal.
  4172 | D:7      | Reached skill level 6 in Spellcasting
  4221 | Bailey   | Entered a bailey
  4401 | Bailey   | Reached skill level 1 in Short Blades
  5254 | D:7      | Found a shimmering altar of Xom.
  5268 | D:7      | Noticed a manticore
  5279 | D:7      | Killed a manticore
  5280 | D:7      | Reached skill level 7 in Spellcasting
  5280 | D:7      | Reached XP level 9. HP: 36/58 MP: 0/0
  5280 | D:7      | Learned a level 3 spell: Summon Guardian Golem
  5841 | D:6      | Reached * piety under Ashenzari
  5842 | D:6      | Reached skill level 5 in Dodging
  5842 | D:6      | Reached skill level 5 in Stealth
  5842 | D:6      | Reached skill level 8 in Spellcasting
  5842 | D:6      | Reached XP level 10. HP: 72/72 MP: 0/0
  5843 | D:6      | Reached skill level 10 in Spellcasting
  5843 | D:6      | Reached XP level 11. HP: 81/81 MP: 0/0
  5843 | D:6      | Learned a level 4 spell: Manifold Assault
  5844 | D:6      | Reached skill level 5 in Short Blades
  5844 | D:6      | Reached XP level 12. HP: 90/90 MP: 0/0
  5963 | D:6      | Reached skill level 11 in Spellcasting
  6344 | D:7      | Reached ** piety under Ashenzari
  6777 | D:8      | Found Ufoizudd's General Store.
  6779 | D:8      | Bought a scroll of teleportation for 30 gold pieces
  6875 | D:8      | Noticed a two-headed ogre
  6887 | D:8      | Killed a two-headed ogre
  6901 | D:8      | Identified the +6 dagger of Cajemeli {venom, Fly Str+5
                  | Dex-5}
  7213 | D:8      | Reached *** piety under Ashenzari
  7722 | D:9      | Noticed Grum
  7731 | D:9      | Killed Grum
  7770 | D:9      | Found a staircase to the Orcish Mines.
  7799 | D:9      | Acquired the +2 buckler "Pashrair" {+Blink rF- Str+3}
  8056 | D:9      | Noticed Maggie
  8067 | D:9      | Killed Maggie
  8259 | D:9      | Found a burning altar of Makhleb.
  8263 | D:9      | Noticed a balrug
  8264 | D:9      | Found a glowing silver altar of Zin.
  8265 | D:9      | Noticed an angel
  8407 | D:9      | Reached **** piety under Ashenzari
  8461 | D:10     | Entered Level 10 of the Dungeon
  8463 | D:10     | Noticed Josephine
  8484 | D:9      | Killed Josephine
  8485 | D:9      | Reached skill level 10 in Fighting
  8835 | D:10     | Reached skill level 1 in Evocations
  8915 | D:10     | Found a runed translucent door.
  8916 | D:10     | Found a shimmering altar of Xom.
  8916 | D:10     | Noticed KittyFluff's ghost (journeyman GrBe)
  8916 | D:10     | Noticed a +1 broad axe of chaos
  9062 | D:10     | Noticed a tengu warrior
  9067 | D:10     | Noticed a tengu warrior
  9075 | D:10     | Killed a tengu warrior
  9076 | D:10     | Reached XP level 13. HP: 48/100 MP: 0/0
  9076 | D:10     | Learned a level 5 spell: Blade Hands
  9397 | D:10     | Reached ***** piety under Ashenzari
 10404 | D:11     | Reached skill level 1 in Unarmed Combat
 11148 | D:11     | Reached skill level 12 in Spellcasting
 11362 | D:11     | Found a staircase to the Lair.
 11854 | D:12     | Noticed Nergalle
 11868 | D:12     | Demolished by a white ugly thing

Illustrated notes

Levels and vault maps discovered:
D:1:      dpeg_arrival_simpleton_c, layout_basic, serial_glass, glass_columns_a,
          glass_columns_a, glass_columns_b, glass_columns_b, glass_columns_a,
          glass_columns_c, glass_columns_a, glass_columns_b, glass_columns_a,
          glass_columns_a, feat_on_display, item_on_display_a,
          item_on_display_a, roderic_serpentine_path
D:2:      layout_loops_ring, basic_altar, palyth_stone_intersect
D:3:      layout_loops_ring, slow_altar_2, marbit_many_paths,
          gammafunk_ghost_necromancy, kennysheep_generic_room_8
D:4:      layout_basic
D:5:      layout_rooms, minmay_misc_feat_iff, uniq_sigmund
D:6:      layout_rooms
D:7:      layout_gridville, nicolae_kikubaaqudgha_miasma_corner,
          xom_teletrap_fun, minmay_temple_entry_junction, enter_bailey_7,
          minmay_microvault
D:8:      layout_gridville, serial_shops, shop
D:9:      layout_layer_cave, grunt_temple_overflow_order_and_chaos_2,
          minmay_orc_entry_temple_small, uniq_grum, uniq_maggie
D:10:     layout_basic, ebering_ghost_xom, minivault_16,
          nicolae_figureground_sparkle, uniq_josephine
D:11:     layout_basic, grunt_lair_entry_orc_guard_hut
D:12:     layout_stronghold, zin_angel, uniq_nergalle
Temple:   nicolae_temple_x_marks_the_god

Skill      XL: |  1  2  3  4  5  6  7  8  9 10 11 12 13 |
---------------+----------------------------------------+-----
Spellcasting   | 3 4 5 7 8 10 11 12 | 12.0
Shields        | 1 2 3 6 |  6.3
Stealth        | 2 3 5 |  5.8
Fighting       | 1 6 8 9 10 | 10.4
Short Blades   | 1 4 5 |  5.5
Dodging        | 3 5 6 7 |  7.2
Evocations     | 1 3 |  3.0
Unarmed Combat | 2 |  2.4
Maces & Flails | |  0.5
Armour         | |  0.4

Action                     |  1- 3 |  4- 6 |  7- 9 | 10-12 | 13-15 || total
---------------------------+-------+-------+-------+-------+-------++-------
  Melee: Club              |     5 |       |       |       |       ||     5
         Dagger            |     9 |    26 |    91 |   124 |    34 ||   284
         Whip              |       |    12 |       |       |       ||    12
         Rapier            |       |       |       |    28 |       ||    28
         Unarmed           |       |       |       |       |   101 ||   101
         Punch             |       |       |       |       |     3 ||     3
   Cast: Sting             |    35 |    24 |    13 |     9 |       ||    81
         Necrotise         |    26 |    55 |    35 |    35 |     2 ||   153
         Poisonous Vapours |       |     2 |     6 |     7 |     1 ||    16
         Ensorcelled Hiber |       |     1 |    16 |       |       ||    17
         Olgreb's Toxic Ra |       |     1 |     5 |    20 |     1 ||    27
         Tukima's Dance    |       |       |     3 |    22 |     2 ||    27
         Mephitic Cloud    |       |       |    10 |    15 |    10 ||    35
         Manifold Assault  |       |       |       |     7 |       ||     7
         Summon Guardian G |       |       |       |     1 |       ||     1
         Blade Hands       |       |       |       |       |    11 ||    11
 Invoke: Curse Item        |       |       |     2 |     4 |     2 ||     8
         Shatter the Chain |       |       |       |       |     1 ||     1
Ability: Evoke Blink       |       |       |       |     2 |       ||     2
  Evoke: Wand              |       |       |       |     4 |       ||     4
    Use: Scroll            |       |       |     6 |     1 |       ||     7
         Potion            |       |       |     1 |     2 |       ||     3
   Stab: Sleeping          |       |     7 |    15 |       |       ||    22
         Confused          |       |       |     2 |     8 |    11 ||    21
         Distracted        |       |       |       |     1 |       ||     1
 Armour: Robe              |     3 |     7 |    13 |    10 |    18 ||    51
         Ring mail         |    11 |    14 |       |       |       ||    25
         Leather armour    |       |       |       |     6 |       ||     6
  Dodge: Dodged            |    26 |    23 |    65 |    62 |    85 ||   261
  Block: Buckler           |       |     9 |    19 |    38 |     8 ||    74
